 Dungeon Crawl Stone Soup version 0.19.5 (webtiles) character file.

38 HouseofHex the Conjurer (level 3, -12/15 HPs)
             Began as a Felid Conjurer on Apr 3, 2017.
             Mangled by an ogre
             ... wielding a cursed -2 giant spiked club
              (27 damage)
             ... on level 3 of the Dungeon.
             The game lasted 00:08:06 (2680 turns).

HouseofHex the Conjurer (Felid Conjurer)            Turns: 2680, Time: 00:08:07

Health: -12/15     AC:  1    Str:  4    XL:     3   Next: 25%
Magic:  0/7        EV: 18    Int: 17    God:
Gold:   52         SH:  0    Dex: 19    Spells: 2 memorised, 3 levels left
                                        Lives:  0   Deaths: 1

rFire  . . .     SeeInvis +       - Unarmed
rCold  . . .     Gourm    .     (armour unavailable)
rNeg   . . .     Faith    .     (shield unavailable)
rPois  .         Spirit   .     (helmet unavailable)
rElec  .         Reflect  .     (cloak unavailable)
rCorr  .         Harm     .     (gloves unavailable)
MR     .....                    (boots unavailable)
Stlth  +++.......               (no amulet)
                                (no ring)
                                f - +3 ring of dexterity

@: quick
A: no armour, no weapons or thrown items, stealth, claws 1, fangs 3, see
invisible, carnivore 3, speed 1, shaggy fur 1, slow metabolism 1, sharp paws
a: no special abilities


You were on level 3 of the Dungeon.
You were not hungry.

You visited 1 branch of the dungeon, and saw 3 of its levels.

You collected 52 gold pieces.

Inventory:

Missiles
 c - 17 arrows
Jewellery
 f - a +3 ring of dexterity (left paw)
Scrolls
 d - a scroll of immolation {unknown}
 i - a scroll of remove curse {unknown}
 j - a scroll of recharging
 k - a scroll of teleportation {unknown}
 n - a scroll of identify
 o - a scroll of enchant weapon {unknown}
Potions
 e - a potion of flight
 p - a potion of berserk rage {unknown}
Books
 a - a book of Conjurations

   Spells                             Type                      Level
   a - Magic Dart                     Conjuration                  1
   b - Searing Ray                    Conjuration                  2
   c - Dazzling Spray                 Conjuration/Hexes            3
   d - Fulminant Prism                Conjuration/Hexes            4
   e - Iskenderun's Mystic Blast      Conjuration                  4
   f - Iskenderun's Battlesphere      Conjuration/Charms           5
Comestibles
 b - 2 meat rations


   Skills:
 * Level 1.4 Fighting
 + Level 2.9 Dodging
 * Level 3.8 Stealth
 * Level 1.8 Unarmed Combat
 * Level 2.1 Spellcasting
 * Level 4.0 Conjurations


You had 3 spell levels left.
You knew the following spells:

 Your Spells              Type           Power        Failure   Level  Hunger
a - Magic Dart            Conj           ###.         3%          1    #......
b - Searing Ray           Conj           ###...       6%          2    ###....


Dungeon Overview and Level Annotations

Branches:
Dungeon (3/15)

Altars:


Innate Abilities, Weirdness & Mutations

You cannot wear armour.
You are incapable of wielding weapons or throwing items.
Your paws allow you to move quietly. (Stealth)
You have sharp claws.
You have razor-sharp teeth.
You have supernaturally acute eyesight. (SInv)
You are carnivorous and can eat meat at any time.
You cover ground quickly.
You are covered in fur. (AC +1)
You have a slow metabolism.
Your sharp claws are effective at attacking unaware monsters.


Message History

The ogre completely misses you.
The searing ray hits the ogre.
The ogre is severely wounded.
You finish channeling your searing ray.
The ogre misses you.
An adder comes into view.
Found a stone staircase leading up.
Casting: Searing Ray
Confirm with . or Enter, or press ? or * to list all spells.
Aiming: Searing Ray
Press: ? - help, Shift-Dir - straight line, p - ogre The searing ray hits the ogre.
The ogre is severely wounded. (Press . to maintain the ray.)
The searing ray hits the ogre.
The ogre is almost dead.
The searing ray hits the ogre.
The ogre is almost dead.
The ogre hits you with a giant spiked club!!
Ouch! That really hurt!
You die...

#.######### #.#
..........########.#
.S................#
#.#......#########
#.#.......#
#.#..†....#
#.#.#...#.#
#.......#.###
###.##...SO@#
#..#####.#.# #.##
#.#.# #. #...< #.#.#
#.# ###.##
#.#.###.#### #.#
.....#.....# #.#
#.#..#.....### #.#
#.#..#........


You could see an ogre and an adder.

Vanquished Creatures
  An orc priest (D:3)
  A dart slug (D:2)
  A leopard gecko (D:3)
  2 giant cockroaches (D:1)
  4 goblins
  6 hobgoblins
  4 jackals (D:2)
  4 kobolds
  A quokka (D:2)
  2 ball pythons
  7 bats
  6 frilled lizards
  7 rats
46 creatures vanquished.

Notes
Turn   | Place    | Note
-------+----------+-------------------------------------------
     0 | D:1      | HouseofHex the Felid Conjurer began the quest for the Orb.
     0 | D:1      | Reached XP level 1. HP: 7/7 MP: 4/4
   150 | D:1      | Reached XP level 2. HP: 5/12 MP: 6/6
   643 | D:1      | Reached skill level 1 in Unarmed Combat
  1235 | D:2      | Reached XP level 3. HP: 14/15 MP: 3/7
  1239 | D:2      | Learned a level 2 spell: Searing Ray
  1313 | D:2      | Reached skill level 1 in Fighting
  2054 | D:3      | Reached XP level 4. HP: 19/19 MP: 3/8
  2234 | D:3      | Slain by an orc priest
  2235 | D:3      | Reached XP level 3. HP: -2/15 MP: 1/7
  2282 | D:3      | HP: 1/22 [poisoned by a kobold]
  2653 | D:3      | Reached skill level 4 in Conjurations
  2664 | D:3      | Noticed an ogre
  2680 | D:3      | Mangled by an ogre

Skill      XL: |  1  2  3 |
---------------+----------+-----
Unarmed Combat | 1 |  1.8
Stealth        | 3 |  3.8
Fighting       | 1 |  1.4
Conjurations   | 4 |  4.0
Dodging        | |  2.9
Spellcasting   | |  2.1

Action                   |  1- 3 |  4- 6 || total
-------------------------+-------+-------++-------
Melee: Unarmed           |   124 |       ||   124
       Bite              |     5 |       ||     5
 Cast: Magic Dart        |    22 |     2 ||    24
       Searing Ray       |     4 |     1 ||     5
  Use: Potion            |     5 |       ||     5
       Scroll            |     2 |       ||     2
 Stab: Sleeping          |    11 |       ||    11
  Eat: Chunk             |     5 |     2 ||     7
Armor: Skin              |     9 |       ||     9
Dodge: Dodged            |   143 |     2 ||   145
